 Dungeon Crawl Stone Soup version 0.25.0-37-gb73750e0fb (webtiles) character file.

Game seed: 224782658093824991

53 Aviak the Magician (level 3, -2/27 HPs)
             Began as a Demonspawn Transmuter on July 8, 2020.
             Slain by an orc
             ... wielding a +0 war axe
              (10 damage)
             ... on level 2 of the Dungeon.
             The game lasted 00:02:17 (2352 turns).

Aviak the Magician (Demonspawn Transmuter)          Turns: 2352, Time: 00:02:18

Health: -2/27      AC:  6    Str: 10    XL:     3   Next: 62%
Magic:  1/7        EV: 11    Int: 15    God:
Gold:   61         SH:  0    Dex: 13    Spells: 1/7 levels left

rFire    . . .     SeeInvis .     - Unarmed
rCold    . . .     Gourm    .   (no shield)
rNeg     . . .     Faith    .   n - +0 leather armour (curse)
rPois    .         Spirit   .   (no helmet)
rElec    .         Reflect  .   c - +1 cloak
rCorr    .         Harm     .   (no gloves)
MR       .....                  k - +0 pair of boots
Stlth    +.........             (no amulet)
HPRegen  0.09/turn              (no ring)
MPRegen  0.10/turn              (no ring)

@: mighty, appendage (expiring)
A: horns 2, powered by pain 2
a: End Transformation


You were on level 2 of the Dungeon.
You were not hungry.
You had grown temporary horns.
You visited 1 branch of the dungeon, and saw 3 of its levels.

You collected 61 gold pieces.

Inventory:

Missiles
 a - 7 arrows
Armour
 b - a +0 robe
 c - a +1 cloak (worn)
 k - a +0 pair of boots (worn)
 n - a cursed +0 leather armour (worn)
Scrolls
 f - a scroll of fear {unknown}
 g - 4 scrolls of identify {unknown}
 h - a scroll of teleportation {unknown}
 i - a scroll of immolation {unknown}
 m - a scroll of remove curse {unknown}
Potions
 e - a potion of lignification {unknown}
 j - a potion of berserk rage {unknown}
 l - 2 potions of curing {unknown}
Comestibles
 d - 4 rations


   Skills:
 + Level 2.1 Fighting
 - Level 1.7 Dodging
 - Level 2.6 Unarmed Combat
 + Level 2.7 Spellcasting
 + Level 2.5 Transmutations


You had one spell level left.
You knew the following spells:

 Your Spells              Type           Power        Failure   Level  Hunger
a - Beastly Appendage     Tmut           #.....       10%         1    #......
b - Sticks to Snakes      Tmut           #.......     16%         2    ##.....
c - Spider Form           Tmut/Pois      #.........   45%         3    ###....

Your spell library contained the following spells:

 Spells                   Type           Power        Failure   Level  Hunger
 Ice Form                 Ice/Tmut       #.......     86%         4    #####..
 Blade Hands              Tmut           #.........   95%         5    ######.


Dungeon Overview and Level Annotations

Branches:
Dungeon (3/15)

Altars:
Dithmenos

Annotations:
D:2 Ijyb
D:3 Robin


Innate Abilities, Weirdness & Mutations

You sometimes gain power by taking damage.
You have a pair of horns on your head.


Message History

The orc hits your ball python with a +0 flail!
Your ball python dies!
The orc shouts!
Casting: Beastly Appendage (safe; 10% risk of failure)
Confirm with . or Enter, or press ? or * to list all spells.
You create a snake!
You now have 8 arrows.
Your transformation is almost over.
The orc hits your ball python with a +0 flail.
Your ball python dies!
Casting: Sticks to Snakes (safe; 16% risk of failure)
Confirm with . or Enter, or press ? or * to list all spells.
You create a snake!
You now have 7 arrows.
You closely miss the orc.
The orc is lightly wounded.
The orc hits you with a +0 flail!
* * * LOW HITPOINT WARNING * * *
You focus on the pain.
You feel very mighty all of a sudden. The orc hits you with a +0 war axe!
You die...

##.########### #.# #.###..# #.#
###########.#####.###..#
##.###.........#.##.........#
#......#######.#.##.........#
#..#......^# #.#.##.........#
...#.#####.# #.#...........(####
#.##.# #.# #.####............#
#.##.#####.###..o##.......#.##.#
#.##............@og..>....#.##.#
#.##.####..#####.########.#.##.##
................S# #.#.##...
......##..######.########.#.#####
#.##..#.....##..(.........#.#
#.##.)...##..###............#
...#....##....##.############
.#......#._...##.#
...#.#..##....#..#


You could see Ijyb, 2 orcs and a friendly ball python.

Vanquished Creatures
  An adder (D:2)
  2 oozes (D:1)
  5 bats
  8 goblins
  4 hobgoblins
  3 kobolds (D:1)
  A quokka (D:2)
  A frilled lizard (D:1)
  7 rats
32 creatures vanquished.

Vanquished Creatures (collateral kills)
  A goblin (D:3)
1 creature vanquished.

Grand Total: 33 creatures vanquished

Notes
Turn   | Place    | Note
-------+----------+-------------------------------------------
     0 | D:1      | Aviak the Demonspawn Transmuter began the quest for the
                  | Orb.
     0 | D:1      | Reached XP level 1. HP: 15/15 MP: 3/3
   460 | D:1      | Gained mutation: You sometimes gain a little power by
                  | taking damage. [demonic ancestry]
   460 | D:1      | Reached XP level 2. HP: 16/21 MP: 3/5
   911 | D:1      | Learned a level 2 spell: Sticks to Snakes
  1241 | D:2      | Gained mutation: You sometimes gain power by taking damage.
                  | [demonic ancestry]
  1241 | D:2      | Reached XP level 3. HP: 27/27 MP: 4/6
  1614 | D:2      | Learned a level 3 spell: Spider Form
  1873 | D:2      | Found a shadowy altar of Dithmenos.
  2091 | D:3      | Noticed Robin
  2329 | D:3      | Noticed Ijyb
  2352 | D:2      | Slain by an orc

Illustrated notes

Levels and vault maps discovered:
D:1:      minmay_arrival_diagonal_passages, layout_loops_cross,
          grunt_decor_fettered
D:2:      layout_loops_ring, nicolae_dithmenos_through_a_glass_darkly
D:3:      layout_loops_corners, nicolae_ru_the_path_less_chosen, uniq_robin,
          uniq_ijyb

Skill      XL: |  1  2  3 |
---------------+----------+-----
Transmutations | 2 |  2.5
Fighting       | 2 |  2.1
Dodging        | |  1.7
Unarmed Combat | |  2.6
Spellcasting   | |  2.7

Action                   || total
-------------------------++-------
Melee: Unarmed           ||   134
       Kick              ||     9
       Headbutt          ||     8
 Cast: Beastly Appendage ||    23
       Sticks to Snakes  ||     5
 Stab: Sleeping          ||     3
  Eat: Chunk             ||     2
       Ration            ||     1
Armor: Robe              ||    44
       Leather armour    ||    18
Dodge: Dodged            ||   124
